 Dungeon Crawl Stone Soup version 0.17.1-3-g152610e (webtiles) character file.

44 warlockg3 the Ducker (level 3, 12/19 HPs)
             Began as a Deep Elf Chaos Knight on Apr 11, 2016.
             Got out of the dungeon alive.
             The game lasted 00:07:18 (1844 turns).

warlockg3 the Ducker (Deep Elf Chaos Knight)        Turns: 1844, Time: 00:07:18

Health: 12/19      AC:  3    Str: 10      XL:     3   Next: 39%
Magic:  5/5        EV: 12    Int: 16      God:    Xom [....*.]
Gold:   524        SH:  0    Dex: 13 (14) Spells: 0 memorised, 2 levels left

rFire  . . .     SeeInvis .     a - +0 falchion (chaos)
rCold  . . .     Clarity  .     l - +0 leather armour
rNeg   . . .     SustAt   .     (no shield)
rPois  .         Gourm    .     (no helmet)
rElec  .         Spirit   .     (no cloak)
rCorr  .         Warding  .     (no gloves)
rMut   .         Stasis   .     (no boots)
MR     .....                    (no amulet)
Stlth  +.........               (no ring)
                                (no ring)

@: not resistant to hostile enchantments, very unstealthy
A: frail 1, subdued magic 1
a: Renounce Religion


You escaped.
You worshipped Xom.
You were a beloved toy of Xom.
You were not hungry.

You visited 1 branch of the dungeon, and saw 3 of its levels.

You collected 524 gold pieces.

Inventory:

Hand Weapons
 a - a +0 falchion of chaos (weapon)
Armour
 b - a +2 leather armour
 l - a +0 leather armour (worn)
Scrolls
 d - 2 scrolls of enchant armour {unknown}
 g - 3 scrolls of identify {unknown}
 h - a scroll of remove curse {unknown}
 i - a scroll of enchant weapon {unknown}
Potions
 c - a potion of poison {unknown}
 e - 2 potions of heal wounds {unknown}
 f - a potion of agility {unknown}
 k - a potion of degeneration {unknown}
Comestibles
 j - a beef jerky


   Skills:
 + Level 2.7 Fighting
 + Level 3.1 Long Blades
 + Level 1.3 Armour
 + Level 3.3 Dodging


You had 2 spell levels left.
You didn't know any spells.

Dungeon Overview and Level Annotations

Branches:
Dungeon (3/15)

Altars:


Innate Abilities, Weirdness & Mutations

You are frail (-10% HP).
Your spells are a little easier to cast, but a little less powerful.


Message History

A rat comes into view.
Xom's power touches on you for a moment.
You do an impromptu tapdance.
There is an open door here.
The rat barely misses you.
You closely miss the rat.
You are now a BORING thing.
The rat bites you.
You barely miss the rat. The rat completely misses you.
You hit the rat. You burn the rat.
You kill the rat! "Suffer!"
Your body is wracked with pain!
You are now a beloved toy of Xom.
Okay, then.
The walls suddenly lose part of their structure.
A giant cockroach comes into view.
There is a staircase leading out of the dungeon here.
Are you sure you want to leave the Dungeon?
This will make you lose the game!
You have escaped!

.#.# #.....# #.#.#........#.#.#.#
.#.# #.....###.#.#.########.#.#..
.#.# #.....###...#..........#.#.#
.#.# ##....###.##############.#.#
.#.####....#....................#
......'......#######.#.#.######.#
..#####....#.#.......#.#.#....#.#
..'...+....#.#.#####.#.#.#.##.#.#
..#####...##.#.#@..#.#.#.#..#.#.#
.............#.###.#.#.#.####.#.#
.[...........#.....#.#.#......#.#
.#[..........#########.########..
.'..............s........##.....#
##......#########........##.#####
##......#####.............#.# ##
##......#####...........#.#.# #.
##......#####...........#.#.# #.


You could see a giant cockroach.

Vanquished Creatures
  A worm (D:2)
  A giant cockroach (D:2)
  4 goblins
  6 hobgoblins
  A quokka (D:2)
  5 ball pythons
  9 bats
  2 giant newts
  2 kobolds
  10 rats
  A plant (D:1)
42 creatures vanquished.

Notes
Turn   | Place    | Note
--------------------------------------------------------------
     0 | D:1      | warlockg3 the Deep Elf Chaos Knight began the quest for the Orb.
     0 | D:1      | Reached XP level 1. HP: 13/13 MP: 3/3
   118 | D:1      | XOM: harmless Summ miscast
   201 | D:1      | Reached XP level 2. HP: 6/18 MP: 4/4
   461 | D:1      | XOM: harmless Erth miscast
   510 | D:1      | XOM: divination: detect creatures
   546 | D:1      | Reached skill level 3 in Dodging
   660 | D:1      | Reached skill level 1 in Armour
   664 | D:1      | XOM: divination: magic mapping
   870 | D:1      | XOM: divination: detect creatures
   968 | D:1      | XOM: medium Air miscast
  1025 | D:1      | XOM: give mutation
  1025 | D:1      | Gained mutation: Your spells are a little easier to cast, but a little less powerful. [Xom's mischief]
  1039 | D:1      | XOM: stat loss: -1 Dex (13/14)
  1225 | D:2      | Reached XP level 3. HP: 17/22 MP: 5/5
  1347 | D:2      | XOM: harmless Ice miscast
  1392 | D:2      | XOM: give mutation
  1392 | D:2      | Gained mutation: You are frail (-10% HP). [Xom's mischief]
  1467 | D:2      | XOM: vitrification
  1487 | D:2      | XOM: butterfly on damage
  1556 | D:2      | XOM: god gift: 410 gold pieces
  1722 | D:2      | XOM: god gift: leather armour {god gift}
  1799 | D:1      | XOM: silly message
  1812 | D:1      | XOM is BORED!
  1812 | D:1      | XOM: torment (10/19 hp)
  1833 | D:1      | XOM: vitrification
  1844 | D:$      | Got out of the dungeon alive.

Action                   || total
-------------------------++-------
Melee: Falchion          ||   154
 Stab: Sleeping          ||     2
       Confused          ||     1
  Eat: Bread ration      ||     1
